 Dungeon Crawl Stone Soup version 0.28.0-45-g0d030f2227 (webtiles) character file.

Game seed: 13770337814481911843

8 sking99 the Bolt Thrower (level 2, 15/22 HPs)
             Began as a Demonspawn Hunter on May 18, 2022.
             Quit the game on level 1 of the Dungeon.
             The game lasted 00:01:36 (400 turns).

sking99 the Bolt Thrower (Demonspawn Hunter)         Turns: 400, Time: 00:01:37

Health: 15/22      AC:  8    Str: 12    XL:     2   Next: 0%
Magic:  2/2        EV: 10    Int: 12    God:
Gold:   25         SH:  0    Dex: 13    Spells: 1/1 levels left

rFire   . . .      SeeInvis .   b - +0 short sword
rCold   . . .      Faith    .   (no shield)
rNeg    . . .      Spirit   .   i - +0 ring mail
rPois   .          Reflect  .   g - +0 helmet
rElec   .          Harm     .   (no cloak)
rCorr   .          Rampage  .   h - +1 pair of gloves
Will    .....                   (no boots)
Stlth   +.........              (no amulet)
HPRegen 0.07/turn               (no ring)
MPRegen 0.08/turn               (no ring)

@: no status effects
A: powered by death 1
a: no special abilities


You were on level 1 of the Dungeon.
You visited 1 branch of the dungeon, and saw 1 of its levels.

You collected 25 gold pieces.

Inventory:

Hand Weapons
 a - a +1 hand crossbow
 b - a +0 short sword (weapon)
Missiles
 d - 13 bolts
Armour
 g - a +0 helmet (worn)
 h - a +1 pair of gloves (worn)
 i - a +0 ring mail (worn)
Scrolls
 e - a scroll of blinking {unknown}
 f - a scroll of silence {unknown}


   Skills:
 + Level 2.2 Fighting
 * Level 3.7 Crossbows
 + Level 2.0 Dodging
 - Level 1.1 Stealth


You had one spell level left.
You didn't know any spells.
Your spell library was empty.

Dungeon Overview and Level Annotations

Branches:
Dungeon (1/15)

Altars:


Innate Abilities, Weirdness & Mutations

You regenerate a little health from kills.


Message History

You shoot a bolt. The bolt closely misses the hobgoblin.
The hobgoblin hits you. The hobgoblin barely misses you.
Fire: 17 bolts
Press: ? - help, Q - select action Shift-Dir - straight line, f/p - hobgoblin
Aim: a hobgoblin (64% to hit)
You shoot a bolt. The bolt barely misses the hobgoblin.
The hobgoblin hits you.
Fire: 16 bolts
Press: ? - help, Q - select action Shift-Dir - straight line, f/p - hobgoblin
Aim: a hobgoblin (64% to hit)
You shoot a bolt. The bolt hits the hobgoblin!
You kill the hobgoblin!
Your Dodging skill increases to level 2!
You have reached level 2!
Your demonic ancestry asserts itself...
A wave of death washes over you.
A bat comes into view.
The bat moves out of view.
A bat is nearby!
You shoot a bolt. The bolt misses the bat.
You shoot a bolt. The bolt closely misses the bat.
The bat hits you but does no damage.
b - a +0 short sword (weapon)
You hit the bat.
The bat is moderately wounded.
The bat hits you.
Found 26 stones.
The bat hits you but does no damage.
Things that are here:
a bolt; a scroll labelled AXZEOK WEDONUX You hit the bat but do no damage.
The bat is moderately wounded.
The bat hits you but does no damage. The bat closely misses you.
You closely miss the bat.
The bat is moderately wounded.
The bat hits you. The bat hits you but does no damage.
The bat barely misses you.
Found 6 gold pieces.
The bat completely misses you. The bat misses you.
The bat hits you but does no damage.
Are you sure you want to abandon this character and quit the game? (Confirm with "yes".)

#.###..###+##
#...........#
#####.#####.#
#.#####.#
#.(...#.##
#........##
#..........
#..b.(#####
#..@..#
#...### #(.(#
#.(.# #....
##..# ...$
#.#.


You could see a bat.

Vanquished Creatures
  2 endoplasms (D:1)
  A goblin (D:1)
  2 hobgoblins (D:1)
  2 rats (D:1)
7 creatures vanquished.

Notes
Turn   | Place    | Note
-------+----------+-------------------------------------------
     0 | D:1      | sking99 the Demonspawn Hunter began the quest for the Orb.
     0 | D:1      | Reached XP level 1. HP: 16/16 MP: 1/1
   118 | D:1      | Reached skill level 1 in Stealth
   381 | D:1      | Gained mutation: You regenerate a little health from kills.
                  | [demonic ancestry]
   381 | D:1      | Reached XP level 2. HP: 15/22 MP: 2/2
   400 | D:1      | Quit the game

Illustrated notes

Levels and vault maps discovered:
D:1:      lemuel_arrival_muddy, layout_loops_ring,
          hellmonk_ecumenical_altar_slurped_away

Skill      XL: |  1 |
---------------+----+-----
Stealth        | 1 |  1.1
Dodging        | 2 |  2.0
Fighting       | |  2.2
Crossbows      | |  3.7

Action                   || total
-------------------------++-------
Melee: Short sword       ||     3
 Fire: Hand crossbow     ||    15
Armor: Ring mail         ||     6
Dodge: Dodged            ||     5
